 Dungeon Crawl Stone Soup version 0.31-a0-889-g1a8549509d (webtiles) character file.

Game seed: 929946021143254623

340 D12ThenQuit the Cutter (level 6, 0/42 HPs)
             Began as an Octopode Fighter on Oct 17, 2023.
             Slain by an orc wizard
             ... wielding a +0 dagger
              (2 damage)
             ... on level 4 of the Dungeon.
             The game lasted 00:06:32 (2897 turns).

D12ThenQuit the Cutter (Octopode Fighter)           Turns: 2897, Time: 00:06:32

Health: 0/42       AC:  1    Str: 12 (15) XL:     6   Next: 56%
Magic:  15/15      EV: 13    Int:  8 (11) God:
Gold:   165        SH:  0    Dex: 10 (13) Spells: 5/5 levels left

rFire   . . .        a - +0 rapier
rCold   . . .        b - +0 buckler
rNeg    + . .        (helmet restricted)
rPois   .            (no amulet)
rElec   .            f - ring of positive energy
rCorr   .            i - ring of magical power
SInv    .            (no ring)
Will    .....        (no ring)
Stlth   ++           (no ring)
HPRegen 0.27/turn    (no ring)
MPRegen 0.14/turn    (no ring)
                     (no ring)

%: no passive effects
@: confused, brilliant
A: almost no armour, amphibious, 8 rings, camouflage 1, gelatinous body 1,
(nimble swimmer 1), tentacles
a: no special abilities


You were on level 4 of the Dungeon.
You visited 2 branches of the dungeon, and saw 5 of its levels.

You collected 165 gold pieces.

Inventory:

Hand Weapons
 a - a +0 rapier (weapon)
Armour
 b - a +0 buckler (worn)
Jewellery
 f - a ring of positive energy (left tentacle)
 i - a ring of magical power (right tentacle)
Wands
 m - a wand of flame (19)
Scrolls
 g - a scroll of torment
 j - a scroll of blinking
 l - a scroll of poison
 n - a scroll of silence {unknown}
 p - a scroll of enchant armour {unknown}
 q - a scroll of vulnerability {unknown}
 r - a scroll of teleportation
Potions
 c - a potion of might
 d - a potion of degeneration


   Skills:
 - Level 3.0 Fighting
 + Level 5.6 Short Blades
 - Level 3.0 Dodging
 - Level 5.0 Stealth
 - Level 3.0 Shields


You had 5 spell levels left.
You didn't know any spells.
Your spell library contained the following spells:

 Spells                   Type           Power      Damage    Failure   Level
 Sublimation of Blood     Necr           0%         N/A       65%         2
 Wereblood                Tmut           0%         N/A       65%         2
 Summon Hydra             Summ           0%         N/A       100%        7


Dungeon Overview and Level Annotations

Branches:
Dungeon (4/15)             Temple (1/1) D:4

Altars:
Ashenzari
Dithmenos
Elyvilon
Fedhas
Gozag
Kikubaaqudgha
Qazlal
Ru
Sif Muna
Trog
Uskayaw
Vehumet
Wu Jian
Xom
Yredelemnul
The Shining One

Shops:
D:4 :

Annotations:
D:3 Sigmund


Innate Abilities, Weirdness & Mutations

You cannot wear most types of armour.
You are amphibious.
You can wear up to eight rings at the same time.
Your skin changes colour to match your surroundings (Stealth+).
Your rubbery body absorbs attacks. (AC +1, EV +1)
((You are camouflaged when in or above water. (Stealth+)))
You have tentacles for arms and can constrict up to eight enemies at once.


Message History

You hit something. The orc barely misses you.
You hear some strange, mumbled words.
A puff of flame appears from out of thin air!
The puff of flame misses you.
You miss something. Your squeeze misses something. You block the orc's attack.
Something barely misses you.
You barely miss something. The orc closely misses you. Something hits you.
You hit something. You block the orc's attack. Something hits you.
* * * LOW HITPOINT WARNING * * *
It was a potion of brilliance.
You feel clever all of a sudden. The orc closely misses you.
You hear some strange, mumbled words.
You are confused.
You are too confused!
Unknown command.
Unknown command.
Unknown command.
Unknown command.
The orc hits you from afar with a +0 trident!
* * * LOW HITPOINT WARNING * * *
Something barely misses you. The orc misses you.
You hear some strange, mumbled words.
A puff of flame appears from out of thin air!
The puff of flame misses you. The orc barely misses you.
You hear some strange, mumbled words.
Something tries to affect you, but you resist.
Unknown command.
You are too confused!
Unknown command.
Okay, then.
You are too confused!
Unknown command.
Unknown command.
You bump into the rock wall.
The orc misses you. Something hits you.
* * * LOW HITPOINT WARNING * * *
The orc closely misses you. Something hits you.
You die...

#...≈≈.≈≈......
#..............
##............. ###########
##>........... #<........#
#.........#.# #########.#
#[......#.#.# #.#
#.##..###.#.# #.#
######.###.###.### #.#
#@...).# #.##...##
###'#####{########..##.###
#........o......#####.....
#......)........##..####.#
#...............##.....#.#
#...............##.....#.#
#...............##.....#.#
####...............##.....#.#
#..........#.######..........


You could see an orc.

Vanquished Creatures
  A hound (D:4)
  2 orc priests (D:4)
  Jessica (D:2)
  2 iguanas (D:4)
  Terence (D:3)
  4 adders
  A shadow imp (D:4)
  A white imp (D:4)
  3 worms
  2 dart slugs
  13 orcs
  2 endoplasms
  2 giant cockroaches (D:2)
  7 goblins
  7 hobgoblins
  4 jackals (D:2)
  8 kobolds
  2 quokkas (D:3)
  3 ball pythons
  5 bats
  4 frilled lizards
  6 rats
81 creatures vanquished.

Notes
Turn   | Place    | Note
-------+----------+-------------------------------------------
     0 | D:1      | D12ThenQuit the Octopode Fighter began the quest for the
                  | Orb.
     0 | D:1      | Reached XP level 1. HP: 16/16 MP: 1/1
    36 | D:1      | Reached skill level 1 in Stealth
    83 | D:1      | Reached XP level 2. HP: 21/21 MP: 2/2
   363 | D:1      | Found a faded altar of an unknown god.
   643 | D:2      | Reached XP level 3. HP: 16/26 MP: 3/3
   730 | D:2      | Found a shimmering altar of Xom.
  1069 | D:2      | Noticed Jessica
  1074 | D:2      | Killed Jessica
  1075 | D:2      | Reached XP level 4. HP: 31/31 MP: 4/4
  1282 | D:3      | Noticed Terence
  1286 | D:3      | Killed Terence
  1347 | D:3      | Reached XP level 5. HP: 32/36 MP: 5/5
  1464 | D:3      | Found a glowing golden altar of the Shining One.
  1690 | D:3      | Noticed Sigmund
  1806 | D:4      | Found a staircase to the Ecumenical Temple.
  1821 | Temple   | Entered the Ecumenical Temple
  1910 | D:4      | Found Ubogueq's Tremendous Tomes.
  2011 | D:4      | Reached skill level 5 in Stealth
  2307 | D:4      | Found an opulent altar of Gozag.
  2422 | D:4      | Reached skill level 5 in Short Blades
  2422 | D:4      | Reached XP level 6. HP: 42/42 MP: 6/6
  2896 | D:4      | HP: 1/42 [something (4)]
  2897 | D:4      | Slain by an orc wizard

Illustrated notes

Levels and vault maps discovered:
D:1:      dpeg_arrival_simpleton_b, layout_rooms,
          dreamdust_ecumenical_altar_hidden_monk_grotto
D:2:      layout_rooms, basic_altar, dreamdust_princess_corridor,
          kennysheep_decorative_pillar, uniq_jessica
D:3:      layout_basic, nicolae_tso_carved_into_rock, minmay_misc_feat_chi,
          hangedman_decor_clover_reticule, st_stairs_14, uniq_sigmund,
          uniq_terence
D:4:      layout_basic, mainiacjoe_overflow_small_starburst,
          minmay_temple_entry_gardened_gates, nicolae_shop_i_like_big_books,
          grunt_decor_fettered, kennysheep_orc_chapel
Temple:   zaba_magenta_temple

Skill      XL: |  1  2  3  4  5 |
---------------+----------------+-----
Stealth        | 1 2 3 4 5 |  5.0
Short Blades   | 3 5 |  5.6
Fighting       | |  3.0
Dodging        | |  3.0
Shields        | |  3.0

Action                     |  1- 3 |  4- 6 || total
---------------------------+-------+-------++-------
  Melee: Rapier            |    71 |   109 ||   180
         Tentacles         |    16 |    14 ||    30
         Constrict         |    15 |    23 ||    38
         Punch             |     1 |     2 ||     3
    Use: Scroll            |       |     5 ||     5
         Potion            |       |     5 ||     5
   Stab: Sleeping          |    12 |    10 ||    22
         Distracted        |       |     1 ||     1
 Armour: Skin              |    21 |    36 ||    57
  Dodge: Dodged            |    24 |    59 ||    83
  Block: Buckler           |    10 |    16 ||    26

Table legend: (Time is in decaauts)
 A = Elapsed time spent in this place.
 B = Non-inter-level travel time spent in this place.
 C = Inter-level travel time spent in this place.
 D = Time resting spent in this place.
 E = Time spent auto-exploring this place.
 F = Levels seen in this place.
 G = Mean time per level.
                   A        B        C        D        E       F      G
               +--------+--------+--------+--------+--------+-----+--------+
         Total |   2906 |   2821 |     85 |    264 |   1717 |   5 |  581.2 |
       Dungeon |   2894 |   2809 |     85 |    264 |   1717 |   4 |  723.5 |
        Temple |     11 |     11 |      0 |      0 |      0 |   1 |   11.0 |
               +--------+--------+--------+--------+--------+-----+--------+

Top non-repeatable levels by time:
     D:4: 1147 daAuts
     D:1: 630 daAuts
     D:2: 613 daAuts
     D:3: 502 daAuts
  Temple: 11 daAuts
